 Dungeon Crawl Stone Soup version 0.26.0-18-gc5c842f807 (webtiles) character file.

Game seed: 8239929949166821678

228 thiole the Sneak (level 6, 0/36 HPs)
             Began as an Octopode Hedge Wizard on Jan 23, 2021.
             Shot with an arrow by a centaur (5 damage)
             ... on level 3 of the Dungeon.
             The game lasted 00:03:12 (2196 turns).

thiole the Sneak (Octopode Hedge Wizard)            Turns: 2196, Time: 00:03:12

Health: 0/36       AC:  1    Str:  9    XL:     6   Next: 2%
Magic:  4/12       EV: 13    Int: 18    God:
Gold:   75         SH:  0    Dex: 12    Spells: 5/13 levels left

rFire    . . .     SeeInvis .   a - +0 dagger
rCold    . . .     Faith    .   (no shield)
rNeg     . . .     Spirit   .   b - +0 hat
rPois    .         Reflect  .   (no amulet)
rElec    .         Harm     .   (no ring)
rCorr    .         Rampage  .   (no ring)
Will     .....                  (no ring)
Stlth    ++++......             (no ring)
HPRegen  0.12/turn              (no ring)
MPRegen  0.13/turn              (no ring)
                                (no ring)
                                (no ring)

@: very slightly contaminated
A: almost no armour, stealthy swim, amphibious, 8 rings, constrict 8, camouflage
1, gelatinous body 1
a: no special abilities


You were on level 3 of the Dungeon.
You visited 1 branch of the dungeon, and saw 3 of its levels.

You collected 75 gold pieces.

Inventory:

Hand Weapons
 a - a +0 dagger (weapon)
Armour
 b - a +0 hat (worn)
Scrolls
 c - a scroll of immolation {unknown}
 e - 2 scrolls of remove curse {unknown}
 f - 3 scrolls of teleportation {unknown}
 h - a scroll of amnesia {unknown}
 i - a scroll of identify {unknown}
Potions
 d - 2 potions of brilliance {unknown}
 g - a potion of heal wounds {unknown}


   Skills:
 - Level 2.0 Dodging
 + Level 5.8 Stealth
 + Level 4.1 Spellcasting
 + Level 2.1 Conjurations
 - Level 2.0 Summonings
 - Level 1.0 Translocations
 * Level 1.0 Air Magic


You had 5 spell levels left.
You knew the following spells:

 Your Spells              Type           Power        Failure   Level
a - Magic Dart            Conj           44%          6%          1
b - Call Imp              Summ           10%          10%         2
c - Slow                  Hex            3%           22%         2
d - Mephitic Cloud        Conj/Pois/Air  7%           28%         3

Your spell library contained the following spells:

 Spells                   Type           Power        Failure   Level
 Summon Small Mammal      Summ           40%          6%          1
 Apportation              Tloc           14%          10%         1
 Animate Skeleton         Necr           6%           14%         1
 Corona                   Hex            3%           14%         1
 Blink                    Tloc           N/A          14%         2
 Conjure Flame            Conj/Fire      7%           28%         3


Dungeon Overview and Level Annotations

Branches:
Dungeon (3/15)

Altars:


Innate Abilities, Weirdness & Mutations

You cannot wear most types of armour.
You are very stealthy in the water. (Stealth+)
You are amphibious.
You can wear up to eight rings at the same time.
You can use your tentacles to constrict eight enemies at once.
Your skin changes colour to match your surroundings (Stealth+).
Your rubbery body absorbs attacks. (AC +1, EV +1)


Message History

The centaur is severely wounded.
The centaur shoots an arrow.
The arrow barely misses you.
A rat comes into view.
Casting: Magic Dart (safe; 6% risk of failure)
Confirm with . or Enter, or press ? or * to list all spells.
Aiming: Magic Dart (safe; 6% risk of failure)
Press: ? - help, Shift-Dir - straight line, f/p - centaur
Aim: a centaur, wielding a +0 shortbow and quivering 12 arrows (severely wounded, 0% to evade)
The magic dart hits the centaur.
The centaur is almost dead.
Casting: Magic Dart (safe; 6% risk of failure)
Confirm with . or Enter, or press ? or * to list all spells.
Aiming: Magic Dart (safe; 6% risk of failure)
Press: ? - help, Shift-Dir - straight line, f/p - centaur
Aim: a centaur, wielding a +0 shortbow and quivering 12 arrows (almost dead, 0% to evade)
The magic dart hits the centaur but does no damage.
The centaur is almost dead.
The centaur shoots an arrow.
The arrow closely misses you.
The centaur shoots an arrow.
The arrow hits you.
You die...

.# # #.# #.
###.# #..###.#.#
. #...<..#.#
....######.#.#
..r..c.@(#.#.#
....####(#...###
# #.##....#
#.##.##.#
##.##.##.#
#........#
#..##....#
#........#
#...######


You could see a centaur and a rat.

Vanquished Creatures
  Sigmund (D:2)
  2 gnolls (D:2)
  A dart slug (D:1)
  A leopard gecko (D:1)
  5 bats
  4 giant cockroaches
  5 goblins
  4 hobgoblins
  A ball python (D:1)
  2 frilled lizards (D:1)
  6 kobolds
  7 rats
39 creatures vanquished.

Vanquished Creatures (collateral kills)
  2 gnolls (D:2)
2 creatures vanquished.

Vanquished Creatures (others)
  Jessica (D:2)
1 creature vanquished.

Grand Total: 42 creatures vanquished

Notes
Turn   | Place    | Note
-------+----------+-------------------------------------------
     0 | D:1      | thiole the Octopode Hedge Wizard began the quest for the
                  | Orb.
     0 | D:1      | Reached XP level 1. HP: 11/11 MP: 4/4
   151 | D:1      | Reached XP level 2. HP: 16/17 MP: 1/6
   604 | D:1      | Reached skill level 3 in Stealth
   755 | D:1      | Reached XP level 3. HP: 21/21 MP: 5/7
  1137 | D:2      | Noticed Sigmund
  1140 | D:2      | Killed Jessica
  1148 | D:2      | Killed Sigmund
  1149 | D:2      | Reached skill level 5 in Stealth
  1149 | D:2      | Reached XP level 4. HP: 4/27 MP: 1/10
  1149 | D:2      | Reached XP level 5. HP: 4/31 MP: 1/11
  1152 | D:2      | Learned a level 2 spell: Call Imp
  1155 | D:2      | Learned a level 2 spell: Slow
  1159 | D:2      | Learned a level 3 spell: Mephitic Cloud
  1770 | D:2      | Reached XP level 6. HP: 36/36 MP: 10/12
  1917 | D:2      | Reached skill level 1 in Air Magic
  2196 | D:3      | Shot with an arrow by a centaur

Illustrated notes

Levels and vault maps discovered:
D:1:      wander_arrival_peaceful_grave, layout_loops_ring
D:2:      layout_rooms, lemuel_old_faithful, uniq_jessica, uniq_sigmund
D:3:      layout_basic, doesnt_xom_only_xom

Skill      XL: |  1  2  3  4  5  6 |
---------------+-------------------+-----
Stealth        | 3 5 |  5.8
Spellcasting   | 4 |  4.1
Conjurations   | 2 |  2.1
Summonings     | 2 |  2.0
Air Magic      | 1 |  1.0
Dodging        | |  2.0
Translocations | |  1.0

Action                   |  1- 3 |  4- 6 || total
-------------------------+-------+-------++-------
Melee: Dagger            |    11 |    13 ||    24
       Constrict         |     4 |     5 ||     9
       Tentacles         |     3 |     3 ||     6
 Cast: Magic Dart        |    53 |    30 ||    83
       Call Imp          |       |     4 ||     4
 Stab: Sleeping          |     1 |       ||     1
Armor: Skin              |     2 |     1 ||     3
Dodge: Dodged            |     6 |    17 ||    23
